 Dungeon Crawl Stone Soup version 0.23.2-1-ga50397a (webtiles) character file.

Game seed: 17737874471647045521

236 ojcamps the Skirmisher (level 6, -1/62 HPs)
             Began as an Ogre Skald on June 1, 2019.
             Was a Follower of Dithmenos.
             Killed by divine providence
             ... invoked by an orc priest
              (13 damage)
             ... on level 4 of the Dungeon.
             The game lasted 00:30:41 (4533 turns).

ojcamps the Skirmisher (Ogre Skald)                 Turns: 4533, Time: 00:30:42

Health: -1/62      AC:  3    Str: 18    XL:     6   Next: 6%
Magic:  5/10       EV: 10    Int: 14    God:    Dithmenos [*.....]
Gold:   220        SH:  0    Dex:  8    Spells: 8/10 levels left

rFire    . . .     SeeInvis .   a - +1 spear
rCold    . . .     Gourm    .   (no shield)
rNeg     + . .     Faith    .   b - +0 robe
rPois    +         Spirit   .   (helmet restricted)
rElec    .         Reflect  .   (no cloak)
rCorr    .         Harm     .   (gloves unavailable)
MR       .....                  (boots unavailable)
Stlth    +.........             (no amulet)
HPRegen  0.20/turn              f - ring of poison resistance
MPRegen  0.12/turn              i - ring of positive energy

@: wreathed by umbra
A: large, unfitting armour, tough skin 1
a: Renounce Religion


You were on level 4 of the Dungeon.
You worshipped Dithmenos.
Dithmenos was aware of your devotion.
You were hungry.

You visited 1 branch of the dungeon, and saw 4 of its levels.

You collected 220 gold pieces.

Inventory:

Hand Weapons
 a - a +1 spear (weapon)
 l - a +0 blowgun
Missiles
 m - 22 poisoned needles
Armour
 b - a +0 robe (worn)
Jewellery
 f - a ring of poison resistance (left hand)
 i - a ring of positive energy (right hand)
Scrolls
 c - a scroll of remove curse
 j - a scroll of enchant weapon
Potions
 g - 2 potions of curing
 h - 2 potions of lignification
Comestibles
 d - 3 rations


   Skills:
 + Level 4.2 Fighting
 + Level 4.2 Polearms
 + Level 3.0 Dodging
 + Level 0.4 Stealth
 + Level 2.9 Spellcasting
 + Level 3.2 Charms


You had 8 spell levels left.
You knew the following spells:

 Your Spells              Type           Power        Failure   Level  Hunger
a - Infusion              Chrm           ##..         6%          1    #......
b - Animate Skeleton      Necr           N/A          22%         1    #......

Your spell library contained the following spells:

 Spells                   Type           Power        Failure   Level  Hunger
 Song of Slaying          Chrm           ##......     9%          2    ##.....
 Shroud of Golubria       Chrm/Tloc      #.........   17%         2    ##.....
 Pain                     Necr           #...         22%         1    #......
 Regeneration             Chrm/Necr      #.........   32%         3    ###....
 Spectral Weapon          Hex/Chrm       #.......     32%         3    ###....
 Vampiric Draining        Necr           #.........   54%         3    ###....
 Animate Dead             Necr           N/A          91%         4    #####..


Dungeon Overview and Level Annotations

Branches:
Dungeon (4/15)
 Temple: D:4-7

Altars:
Cheibriados
Dithmenos
Gozag
Wu Jian

Annotations:
D:4 Natasha


Innate Abilities, Weirdness & Mutations

You are too large for most types of armour.
You have tough skin. (AC +1)


Message History

Beogh smites you!
* * * LOW HITPOINT WARNING * * *
As you read the scroll of fear, it crumbles to dust.
You assume a fearsome visage.
The orc priest looks frightened!
The orc looks frightened!
Attack whom?
Press: ? - help, Dir - move target cursor, f - orc priest
Aim: an orc priest, wielding a +0 trident (lightly wounded, fleeing)
You reach to attack!
You hit the orc priest.
Your attack snaps the orc priest out of its fear.
The orc priest is moderately wounded.
The orc priest hits you but does no damage.
Attack whom?
Press: ? - help, Dir - move target cursor, f/p - orc priest
Aim: an orc priest, wielding a +0 trident (moderately wounded)
You reach to attack!
You hit the orc priest.
The orc priest is heavily wounded.
The orc priest calls down the wrath of Beogh upon you.
Beogh smites you!
You die...

#..###.###
#.#######
#)).[...# #.
#.#####.# # #
#.#.# #.# #.#
..#.#.#.#
########.#
..#.#.
#........#
....#
#.########
#####..# #@#
#......######.#
#.........o.#
#...<#......#
#..#.#.###o##
#..#.#.# #.#
####.#.# #.#
#..).#.###.#
###
#.####.....#


You could see an orc priest and an orc (fleeing).

Vanquished Creatures
  An orc priest (D:4)
  An orc wizard (D:4)
  2 iguanas (D:3)
  3 adders
  2 oozes (D:1)
  3 worms
  2 dart slugs (D:1)
  8 orcs
  2 giant cockroaches
  2 goblins (D:3)
  8 hobgoblins
  4 jackals (D:2)
  3 quokkas
  A ball python (D:1)
  10 bats
  8 frilled lizards
  4 kobolds
  15 rats
79 creatures vanquished.

Notes
Turn   | Place    | Note
-------+----------+-------------------------------------------
     0 | D:1      | ojcamps the Ogre Skald began the quest for the Orb.
     0 | D:1      | Reached XP level 1. HP: 22/22 MP: 3/3
   116 | D:1      | Reached XP level 2. HP: 29/29 MP: 3/5
   147 | D:1      | Found a snail-covered altar of Cheibriados.
   485 | D:1      | Reached XP level 3. HP: 34/37 MP: 6/6
   512 | D:1      | You fall through a shaft!
  1478 | D:2      | Reached XP level 4. HP: 43/45 MP: 8/8
  1820 | D:2      | Found a shadowy altar of Dithmenos.
  1921 | D:2      | Became a worshipper of Dithmenos the Shadowed
  2501 | D:3      | Found an opulent altar of Gozag.
  3314 | D:3      | Reached XP level 5. HP: 49/54 MP: 1/9
  3737 | D:3      | Learned a level 1 spell: Animate Skeleton
  3853 | D:3      | Found an ornate altar of the Wu Jian Council.
  4221 | D:4      | Noticed Natasha
  4315 | D:4      | Reached * piety under Dithmenos
  4495 | D:4      | Reached XP level 6. HP: 42/62 MP: 0/10
  4533 | D:4      | Killed from afar by an orc priest

Skill      XL: |  1  2  3  4  5 |
---------------+----------------+-----
Charms         | 3 |  3.2
Fighting       | 3 4 |  4.2
Polearms       | 3 4 |  4.2
Dodging        | 3 |  3.0
Stealth        | |  0.4
Spellcasting   | |  2.9

Action                   |  1- 3 |  4- 6 || total
-------------------------+-------+-------++-------
Melee: Spear             |   130 |   252 ||   382
 Cast: Infusion          |     4 |     5 ||     9
  Use: Scroll            |     2 |     7 ||     9
       Potion            |     2 |     1 ||     3
 Stab: Sleeping          |     1 |     1 ||     2
  Eat: Chunk             |     2 |     6 ||     8
       Ration            |       |     1 ||     1
Armor: Robe              |    33 |    64 ||    97
Dodge: Dodged            |    41 |   116 ||   157
